 Dungeon Crawl Stone Soup version 0.19.5 (webtiles) character file.

74 Reinor the Ducker (level 4, -1/21 HPs)
             Began as a Spriggan Earth Elementalist on May 7, 2017.
             Slain by a gnoll
             ... wielding a +0 spear
              (6 damage)
             ... on level 2 of the Dungeon on May 8, 2017.
             The game lasted 00:12:31 (3479 turns).

Reinor the Ducker (Spriggan Earth Elementalist)     Turns: 3479, Time: 00:12:31

Health: -1/21      AC:  2    Str:  4    XL:     4   Next: 9%
Magic:  7/10       EV: 18    Int: 17    God:
Gold:   81         SH:  0    Dex: 16    Spells: 2 memorised, 7 levels left

rFire  . . .     SeeInvis +     b - 33 stones
rCold  . . .     Gourm    .     c - +0 robe
rNeg   . . .     Faith    .     (shield restricted)
rPois  .         Spirit   .     (helmet restricted)
rElec  .         Reflect  .     (no cloak)
rCorr  .         Harm     .     (gloves unavailable)
MR     .....                    (boots unavailable)
Stlth  ++........               (no amulet)
                                (no ring)
                                (no ring)

@: very slightly contaminated, heavily drained, very quick
A: unfitting armour, see invisible, herbivore 3, speed 3, slow metabolism 2
a: no special abilities


You were on level 2 of the Dungeon.
You were very hungry.

You visited 1 branch of the dungeon, and saw 2 of its levels.

You collected 81 gold pieces.

Inventory:

Hand Weapons
 i - a +0 dagger
Missiles
 b - 33 stones (in hand)
Armour
 c - a +0 robe (worn)
Jewellery
 q - an uncursed ring of magical power {unknown}
Wands
 l - a wand of random effects (38/48)
Scrolls
 a - a scroll of blinking {unknown}
 f - 2 scrolls of teleportation {unknown}
 j - a scroll of fear {unknown}
 m - 2 scrolls of remove curse {unknown}
 n - 3 scrolls of identify {unknown}
Potions
 g - a potion of degeneration {unknown}
 h - a potion of magic {unknown}
 k - a potion of brilliance {unknown}
 o - a potion of agility {unknown}
 p - a potion of lignification {unknown}
Books
 e - a book of Geomancy

   Spells                             Type                      Level
   a - Sandblast                      Earth                        1
   b - Passwall                       Transmutation/Earth          2
   c - Stone Arrow                    Conjuration/Earth            3
   d - Petrify                        Transmutation/Earth          4
   e - Lee's Rapid Deconstruction     Earth                        5
Comestibles
 d - 2 bread rations


   Skills:
 + Level 4.2(3.0) Dodging
 - Level 3.0(1.8) Stealth
 + Level 3.9(2.7) Spellcasting
 - Level 1.3(0.2) Transmutations
 + Level 3.3(2.2) Earth Magic


You had 7 spell levels left.
You knew the following spells:

 Your Spells              Type           Power        Failure   Level  Hunger
a - Sandblast             Erth           #.....       10%         1    #......
b - Passwall              Tmut/Erth      #.........   21%         2    ##.....


Dungeon Overview and Level Annotations

Branches:
Dungeon (2/15)

Altars:


Innate Abilities, Weirdness & Mutations

You are very small and have problems with some larger weapons.
You are too small for most types of armour.
You have supernaturally acute eyesight. (SInv)
You are a herbivore.
You cover ground extremely quickly.
You need consume almost no food.


Message History

The gnoll is severely wounded.
Casting: Sandblast
Confirm with . or Enter, or press ? or * to list all spells.
Aiming: Sandblast
Press: ? - help, Shift-Dir - straight line, f/p - gnoll
Aim: a gnoll, wielding a spear (severely wounded)
The rocky blast misses the gnoll. x2
The gnoll hits you from afar with a spear!
Ouch! That really hurt!
* * * LOW HITPOINT WARNING * * *
Casting: Sandblast
Confirm with . or Enter, or press ? or * to list all spells.
Aiming: Sandblast
Press: ? - help, Shift-Dir - straight line, f/p - gnoll
Aim: a gnoll, wielding a spear (severely wounded)
You miscast Sandblast.
You are very lightly contaminated with residual magic.
You are showered with tiny particles of grit.
The gnoll hits you from afar with a spear.
You die...

#....#####..##..# #.
##[########≈..#.#.#.
..........#≈≈..#.#g#
##.########8≈.###.g#
#.# ####≈≈.# ##.##
#.# #..#≈..# ##g#
#.# #.##..## ##g##
#.# #.###..###.##
#.# ###.# ###.#@##
#.# #...# ##†## #.#
#.### #.# ##.# #.#
#.#
.#.###.########.#
................#
...###.##########
#### #.# #.#


You could see 2 gnolls.

Vanquished Creatures
  2 adders (D:2)
  A worm (D:2)
  A dart slug (D:1)
  A leopard gecko (D:2)
  4 giant cockroaches
  7 goblins
  6 hobgoblins
  13 jackals
  A bat (D:2)
  4 kobolds (D:1)
  A rat (D:1)
41 creatures vanquished.

Notes
Turn   | Place    | Note
-------+----------+-------------------------------------------
     0 | D:1      | Reinor the Spriggan Earth Elementalist began the quest for the Orb.
     0 | D:1      | Reached XP level 1. HP: 9/9 MP: 5/5
   677 | D:1      | Reached XP level 2. HP: 13/13 MP: 5/7
   683 | D:1      | Learned a level 2 spell: Passwall
  1982 | D:2      | Reached XP level 3. HP: 12/16 MP: 0/8
  2635 | D:2      | Found a faded altar of an unknown god.
  2757 | D:2      | Reached skill level 4 in Dodging
  3303 | D:2      | Reached XP level 4. HP: 10/21 MP: 0/10
  3479 | D:2      | Slain by a gnoll

Skill      XL: |  1  2  3 |
---------------+----------+-----
Spellcasting   | 3 |  3.9
Earth Magic    | 3 |  3.3
Dodging        | 4 |  4.2
Stealth        | |  3.0
Transmutations | |  1.3

Action                   |  1- 3 |  4- 6 || total
-------------------------+-------+-------++-------
Melee: Unarmed           |    11 |       ||    11
       Dagger            |    84 |     1 ||    85
 Cast: Sandblast         |   107 |     3 ||   110
 Stab: Sleeping          |     2 |     1 ||     3
Armor: Robe              |    18 |       ||    18
Dodge: Dodged            |   164 |       ||   164
